General information
- name: BNet
- type: Ladder team game (AT/RT)
- host: Battle.net
- saver: T0WERSareMyUNlT
map: GolemsInTheMist
- players: 8
- length: 83:21
- speed: Fast
- version: 1.26 W3XP
- replay type: Public
» download(389 KB)
Players
team 1 (winner)

»
Just( (
teal | 29 APM | 2377 actions | 83:21)
7 Blademaster
3 Wind Walk
3 Critical Strike
1 Bladestorm
» actions
| Basic commands | 58 | |
| Build / train | 65 | |
| Enter build submenu | 44 | |
| Enter hero's abilities submenu | 6 | |
| Right click | 1492 | |
| Select / deselect | 543 | |
| Use ability | 169 | |
2377 total
» units
| Peon | 12 | |
| Wind Rider | 8 | |
| Raider | 10 | |
| Goblin Shredder | 1 | |
31 total
» upgrades
| Ranged Weapons | 3 | |
| Armor | 2 | |
| Melee Weapons | 3 | |
| Ensnare | 1 | |
| Pillage | 1 | |
| Reinforced Defenses | 1 | |
| Spiked Barricades | 1 | |
12 total
» buildings
| Altar of Storms | 1 | |
| Orc Burrow | 8 | |
| War Mill | 3 | |
| Stronghold | 2 | |
| Watch Tower | 11 | |
| Voodoo Lounge | 1 | |
| Beastiary | 4 | |
| Great Hall | 3 | |
| Fortress | 1 | |
| Barracks | 5 | |
39 total
» build order
00:16 Altar of Storms
00:20 Orc Burrow
01:26 Orc Burrow
02:09 War Mill
02:32 Orc Burrow
03:52 Stronghold
04:45 Watch Tower
04:51 Watch Tower
05:45 Voodoo Lounge
05:50 Watch Tower
06:20 Beastiary
06:21 Beastiary
07:16 Beastiary
07:26 Orc Burrow
08:17 Great Hall
09:31 Orc Burrow
11:00 Fortress
11:20 Watch Tower
11:21 Watch Tower
13:53 Orc Burrow
13:59 War Mill
20:29 Beastiary
20:35 Orc Burrow
20:40 Orc Burrow
21:12 Great Hall
21:23 Watch Tower
21:25 Watch Tower
21:28 Watch Tower
22:15 Watch Tower
22:17 Watch Tower
28:51 Barracks
28:55 Barracks
28:55 Barracks
28:56 Barracks
28:58 Barracks
30:51 Stronghold
30:57 Watch Tower
31:01 War Mill
33:14 Great Hall
» items
| Healing Salve | 2 | |
| Lesser Clarity Potion | 2 | |
| Scroll of Town Portal | 2 | |
| Orb of Lightning | 1 | |
| Potion of Healing | 2 | |
| Scroll of Regeneration | 2 | |
11 total
T0WERSareMyUNlT (
green | 63 APM | 5271 actions | 83:21)
6 Archmage
3 Summon Water Elemental
2 Brilliance Aura
1 Mass Teleport
» actions
| Assign group hotkey | 115 | |
| Basic commands | 500 | |
| Build / train | 272 | |
| ESC pressed | 28 | |
| Enter build submenu | 84 | |
| Enter hero's abilities submenu | 6 | |
| Give item / drop item | 1 | |
| Remove unit from queue | 3 | |
| Right click | 1764 | |
| Select / deselect | 685 | |
| Select group hotkey | 1185 | |
| Use ability | 627 | |
5271 total
» units
| Peasant | 22 | |
| Footman | 3 | |
| Goblin Shredder | 4 | |
| Dragonhawk Rider | 3 | |
| Gryphon Rider | 14 | |
| Goblin Zeppelin | 3 | |
| Mortar Team | 5 | |
| Goblin Sapper | 16 | |
70 total
» upgrades
| Masonry | 3 | |
| Lumber Harvesting | 1 | |
| Swords | 3 | |
| Armor | 3 | |
| Gunpowder | 3 | |
| Fragmentation Shards | 1 | |
| Plating | 1 | |
| Cloud | 1 | |
| Storm Hammers | 1 | |
17 total
» buildings
| Altar of Kings | 1 | |
| Barracks | 1 | |
| Farm | 13 | |
| Arcane Vault | 1 | |
| Keep | 3 | |
| Lumber Mill | 1 | |
| Scout Tower | 49 | |
| Town Hall | 7 | |
| Arcane Tower | 4 | |
| Guard Tower | 100 | |
| Castle | 4 | |
| Gryphon Aviary | 4 | |
| Blacksmith | 2 | |
| Workshop | 3 | |
| Arcane Sanctum | 1 | |
194 total
» build order
00:33 Altar of Kings
00:37 Barracks
00:51 Farm
01:06 Farm
01:34 Farm
02:22 Arcane Vault
03:10 Keep
03:10 Keep
03:32 Farm
04:39 Lumber Mill
04:57 Scout Tower
05:00 Scout Tower
05:04 Town Hall
05:07 Scout Tower
05:08 Scout Tower
05:11 Scout Tower
05:14 Scout Tower
05:15 Scout Tower
05:17 Scout Tower
05:36 Arcane Tower
05:36 Arcane Tower
05:37 Arcane Tower
05:57 Guard Tower
05:57 Guard Tower
05:57 Guard Tower
05:58 Guard Tower
05:58 Guard Tower
05:58 Guard Tower
05:58 Guard Tower
05:59 Guard Tower
05:59 Guard Tower
06:11 Scout Tower
06:24 Guard Tower
06:24 Guard Tower
06:28 Scout Tower
06:53 Guard Tower
06:53 Guard Tower
06:53 Guard Tower
07:41 Castle
07:42 Castle
07:42 Castle
07:44 Gryphon Aviary
07:46 Gryphon Aviary
08:46 Blacksmith
08:48 Blacksmith
09:27 Farm
10:11 Scout Tower
10:13 Scout Tower
10:15 Scout Tower
10:18 Scout Tower
10:21 Scout Tower
10:24 Scout Tower
10:25 Scout Tower
10:26 Scout Tower
10:33 Town Hall
10:41 Guard Tower
10:41 Guard Tower
10:42 Guard Tower
10:42 Guard Tower
10:43 Guard Tower
10:43 Guard Tower
10:56 Town Hall
11:13 Guard Tower
11:14 Guard Tower
11:14 Guard Tower
11:14 Guard Tower
11:17 Guard Tower
11:17 Guard Tower
12:04 Scout Tower
12:05 Scout Tower
12:06 Scout Tower
12:07 Scout Tower
12:33 Guard Tower
12:33 Guard Tower
12:33 Guard Tower
12:38 Workshop
12:39 Workshop
12:42 Workshop
12:55 Scout Tower
13:37 Guard Tower
13:37 Guard Tower
14:25 Farm
15:53 Town Hall
15:58 Scout Tower
16:00 Scout Tower
16:02 Scout Tower
16:03 Scout Tower
16:10 Farm
16:29 Guard Tower
16:29 Guard Tower
16:51 Town Hall
16:52 Scout Tower
16:53 Scout Tower
16:54 Scout Tower
16:55 Scout Tower
16:56 Guard Tower
16:57 Guard Tower
17:00 Scout Tower
17:01 Scout Tower
17:30 Guard Tower
17:30 Guard Tower
17:30 Guard Tower
17:31 Scout Tower
17:35 Scout Tower
17:54 Guard Tower
17:55 Guard Tower
18:03 Guard Tower
18:03 Guard Tower
18:04 Scout Tower
18:08 Guard Tower
18:33 Guard Tower
18:33 Guard Tower
18:34 Guard Tower
18:54 Scout Tower
19:38 Guard Tower
19:38 Guard Tower
19:39 Scout Tower
19:46 Town Hall
20:50 Arcane Sanctum
20:59 Guard Tower
20:59 Guard Tower
20:59 Guard Tower
21:00 Guard Tower
21:05 Farm
21:06 Farm
21:07 Farm
21:08 Farm
21:09 Farm
21:10 Farm
22:13 Scout Tower
22:49 Town Hall
22:52 Scout Tower
22:53 Scout Tower
22:56 Scout Tower
23:23 Guard Tower
23:23 Guard Tower
23:23 Guard Tower
23:23 Guard Tower
23:25 Scout Tower
23:26 Scout Tower
23:28 Scout Tower
23:29 Scout Tower
23:31 Scout Tower
23:34 Scout Tower
23:35 Guard Tower
23:35 Guard Tower
23:58 Guard Tower
23:58 Guard Tower
23:58 Guard Tower
24:06 Guard Tower
24:06 Guard Tower
24:07 Guard Tower
25:11 Gryphon Aviary
25:48 Gryphon Aviary
28:25 Scout Tower
28:29 Guard Tower
28:30 Guard Tower
28:56 Guard Tower
28:56 Guard Tower
28:56 Guard Tower
» items
| Mechanical Critter | 6 | |
| Scroll of Regeneration | 10 | |
| Ivory Tower | 3 | |
| Potion of Healing | 8 | |
| Staff of Sanctuary | 1 | |
| Scroll of Town Portal | 5 | |
33 total
13EASTY- (
yellow | 24 APM | 2007 actions | 83:21)
5 Archmage
3 Blizzard
2 Brilliance Aura
5 Mountain King
3 Storm Bolt
2 Bash
» actions
| Assign group hotkey | 16 | |
| Build / train | 70 | |
| Enter build submenu | 34 | |
| Enter hero's abilities submenu | 10 | |
| Give item / drop item | 1 | |
| Right click | 1163 | |
| Select / deselect | 576 | |
| Select group hotkey | 27 | |
| Use ability | 110 | |
2007 total
» units
| Peasant | 11 | |
| Footman | 4 | |
| Knight | 11 | |
26 total
» upgrades
| Defend | 1 | |
| Swords | 2 | |
| Plating | 2 | |
| Lumber Harvesting | 1 | |
| Animal War Training | 1 | |
7 total
» buildings
| Altar of Kings | 1 | |
| Farm | 12 | |
| Barracks | 4 | |
| Lumber Mill | 2 | |
| Arcane Vault | 3 | |
| Keep | 1 | |
| Scout Tower | 5 | |
| Blacksmith | 1 | |
| Arcane Tower | 5 | |
| Castle | 1 | |
| Guard Tower | 1 | |
| Town Hall | 2 | |
38 total
» build order
00:23 Altar of Kings
00:41 Farm
00:43 Farm
00:55 Barracks
01:32 Lumber Mill
01:55 Farm
01:59 Farm
02:24 Farm
02:37 Arcane Vault
04:58 Keep
05:03 Scout Tower
05:07 Blacksmith
05:35 Arcane Tower
07:21 Castle
07:39 Barracks
09:43 Scout Tower
09:52 Barracks
10:53 Farm
10:56 Farm
11:02 Farm
11:06 Farm
15:36 Farm
15:37 Farm
15:39 Farm
19:10 Guard Tower
20:12 Arcane Vault
20:21 Barracks
23:51 Town Hall
28:42 Scout Tower
28:48 Scout Tower
29:20 Arcane Tower
29:22 Arcane Tower
29:30 Arcane Vault
30:30 Scout Tower
31:08 Arcane Tower
31:43 Lumber Mill
32:22 Town Hall
33:02 Arcane Tower
» items
| Scroll of Regeneration | 3 | |
| Lesser Clarity Potion | 1 | |
| Mechanical Critter | 1 | |
| Scroll of Speed | 1 | |
| Healing Salve | 2 | |
| Ivory Tower | 5 | |
| Scroll of Town Portal | 1 | |
| Potion of Healing | 1 | |
15 total
ImTheOnePercent (
pink | 39 APM | 3275 actions | 83:21)
4 Blood Mage
2 Flame Strike
2 Siphon Mana
5 Mountain King
3 Storm Bolt
2 Bash
5 Paladin
2 Holy Light
2 Divine Shield
1 Devotion Aura
» actions
| Assign group hotkey | 71 | |
| Basic commands | 101 | |
| Build / train | 146 | |
| ESC pressed | 2 | |
| Enter build submenu | 33 | |
| Enter hero's abilities submenu | 15 | |
| Give item / drop item | 5 | |
| Right click | 978 | |
| Select / deselect | 1006 | |
| Select group hotkey | 664 | |
| Use ability | 254 | |
3275 total
» units
| Peasant | 19 | |
| Footman | 6 | |
| Priest | 6 | |
| Sorceress | 4 | |
| Gryphon Rider | 5 | |
| Rifleman | 1 | |
| Spell Breaker | 2 | |
| Mortar Team | 2 | |
| Knight | 1 | |
| Flying Machine | 1 | |
| Siege Engine | 7 | |
| Dragonhawk Rider | 8 | |
62 total
» upgrades
| Defend | 1 | |
| Swords | 3 | |
| Lumber Harvesting | 2 | |
| Masonry | 3 | |
| Plating | 1 | |
| Sorceress Training | 2 | |
| Magic Sentry | 1 | |
| Storm Hammers | 1 | |
| Priest Training | 2 | |
| Control Magic | 2 | |
| Gunpowder | 3 | |
| Animal War Training | 1 | |
| Armor | 2 | |
| Cloud | 1 | |
| Barrage | 1 | |
| Flare | 1 | |
| Fragmentation Shards | 1 | |
28 total
» buildings
| Lumber Mill | 3 | |
| Barracks | 1 | |
| Farm | 12 | |
| Altar of Kings | 1 | |
| Scout Tower | 1 | |
| Arcane Tower | 1 | |
| Arcane Vault | 1 | |
| Town Hall | 3 | |
| Keep | 1 | |
| Blacksmith | 1 | |
| Castle | 1 | |
| Arcane Sanctum | 2 | |
| Gryphon Aviary | 4 | |
| Workshop | 2 | |
| Guard Tower | 2 | |
36 total
» build order
00:11 Lumber Mill
00:21 Barracks
00:36 Farm
00:50 Farm
01:09 Altar of Kings
01:24 Scout Tower
02:08 Arcane Tower
03:01 Farm
04:26 Farm
04:38 Arcane Vault
05:00 Town Hall
05:31 Keep
06:09 Blacksmith
06:37 Farm
07:03 Lumber Mill
08:04 Castle
08:14 Arcane Sanctum
08:36 Arcane Sanctum
09:25 Gryphon Aviary
09:31 Gryphon Aviary
12:09 Farm
12:10 Farm
12:11 Farm
12:44 Farm
12:44 Farm
15:42 Workshop
15:43 Workshop
16:01 Gryphon Aviary
16:02 Gryphon Aviary
16:08 Lumber Mill
17:24 Farm
18:36 Farm
21:22 Guard Tower
21:22 Guard Tower
22:09 Town Hall
24:20 Town Hall
» items
| Potion of Healing | 5 | |
| Scroll of Town Portal | 3 | |
| Staff of Sanctuary | 3 | |
| Orb of Fire | 3 | |
| Potion of Mana | 3 | |
| Lesser Clarity Potion | 6 | |
| Scroll of Regeneration | 1 | |
| Ivory Tower | 2 | |
26 total
team 2 (loser)

»
pokka (
red | 53 APM | 1253 actions | 23:47)
4 Mountain King
2 Storm Bolt
2 Bash
3 Paladin
2 Holy Light
1 Divine Shield
» actions
| Assign group hotkey | 23 | |
| Basic commands | 117 | |
| Build / train | 65 | |
| ESC pressed | 2 | |
| Enter build submenu | 20 | |
| Enter hero's abilities submenu | 7 | |
| Right click | 316 | |
| Select / deselect | 331 | |
| Select group hotkey | 300 | |
| Use ability | 72 | |
1253 total
» units
| Peasant | 14 | |
| Footman | 4 | |
| Knight | 8 | |
| Siege Engine | 8 | |
34 total
» upgrades
| Masonry | 2 | |
| Gunpowder | 1 | |
| Lumber Harvesting | 2 | |
| Barrage | 1 | |
| Armor | 1 | |
| Swords | 2 | |
| Plating | 1 | |
10 total
» buildings
| Altar of Kings | 1 | |
| Farm | 8 | |
| Barracks | 1 | |
| Scout Tower | 6 | |
| Arcane Tower | 2 | |
| Keep | 1 | |
| Lumber Mill | 2 | |
| Arcane Vault | 1 | |
| Guard Tower | 1 | |
| Castle | 1 | |
| Blacksmith | 1 | |
| Workshop | 2 | |
27 total
» build order
00:10 Altar of Kings
00:16 Farm
00:36 Barracks
00:49 Farm
01:25 Farm
02:28 Scout Tower
03:02 Arcane Tower
03:21 Keep
03:26 Lumber Mill
03:47 Scout Tower
03:55 Lumber Mill
04:02 Farm
04:08 Arcane Tower
04:22 Arcane Vault
04:29 Scout Tower
05:19 Guard Tower
06:35 Castle
06:41 Blacksmith
07:46 Workshop
08:20 Workshop
09:11 Farm
10:03 Farm
10:05 Farm
10:10 Farm
21:57 Scout Tower
21:59 Scout Tower
22:01 Scout Tower
» items
| Scroll of Regeneration | 3 | |
| Scroll of Town Portal | 3 | |
| Orb of Fire | 1 | |
7 total
Ronin (
purple | 36 APM | 3028 actions | 83:21)
8 Blademaster
3 Wind Walk
3 Critical Strike
1 Bladestorm
1 Mirror Image
» actions
| Assign group hotkey | 71 | |
| Basic commands | 33 | |
| Build / train | 107 | |
| Enter build submenu | 69 | |
| Enter hero's abilities submenu | 8 | |
| Give item / drop item | 3 | |
| Right click | 1495 | |
| Select / deselect | 558 | |
| Select group hotkey | 371 | |
| Use ability | 313 | |
3028 total
» units
| Peon | 18 | |
| Grunt | 4 | |
| Goblin Shredder | 1 | |
| Wind Rider | 9 | |
| Troll Batrider | 8 | |
| Goblin Sapper | 12 | |
| Troll Witch Doctor | 1 | |
| Raider | 4 | |
57 total
» upgrades
| Reinforced Defenses | 1 | |
| Envenomed Spears | 1 | |
| Ranged Weapons | 3 | |
| Armor | 3 | |
| Liquid Fire | 1 | |
| Troll Regeneration | 1 | |
| Melee Weapons | 2 | |
| Pillage | 1 | |
| Spiked Barricades | 2 | |
15 total
» buildings
| Orc Burrow | 6 | |
| Altar of Storms | 1 | |
| Barracks | 1 | |
| Voodoo Lounge | 1 | |
| Stronghold | 1 | |
| War Mill | 2 | |
| Beastiary | 4 | |
| Great Hall | 4 | |
| Watch Tower | 49 | |
| Fortress | 1 | |
| Spirit Lodge | 2 | |
| Scout Tower | 3 | |
| Altar of Elders | 2 | |
| Guard Tower | 1 | |
| Moon Well | 1 | |
79 total
» build order
00:18 Orc Burrow
00:55 Altar of Storms
00:57 Barracks
01:10 Orc Burrow
01:40 Voodoo Lounge
02:58 Stronghold
03:54 Orc Burrow
04:24 War Mill
04:26 Orc Burrow
05:41 Beastiary
05:41 Beastiary
05:45 Orc Burrow
07:12 Great Hall
07:17 Watch Tower
07:20 Watch Tower
07:21 Watch Tower
07:21 Watch Tower
07:22 Watch Tower
09:46 Orc Burrow
11:16 Beastiary
11:17 Beastiary
12:20 Watch Tower
12:22 Watch Tower
12:25 Fortress
12:27 Watch Tower
12:29 Watch Tower
12:30 Watch Tower
15:54 Watch Tower
15:54 Watch Tower
15:55 Watch Tower
15:55 Watch Tower
16:01 Watch Tower
16:07 Watch Tower
16:07 Watch Tower
16:09 Watch Tower
16:10 Watch Tower
16:10 Watch Tower
16:14 Watch Tower
16:15 Watch Tower
16:16 Watch Tower
16:40 War Mill
21:39 Watch Tower
21:46 Watch Tower
21:49 Watch Tower
21:50 Watch Tower
21:53 Watch Tower
24:34 Watch Tower
24:34 Watch Tower
24:35 Watch Tower
24:35 Watch Tower
24:36 Watch Tower
24:38 Watch Tower
24:38 Watch Tower
24:38 Watch Tower
24:39 Watch Tower
24:40 Watch Tower
24:42 Watch Tower
24:42 Watch Tower
24:43 Watch Tower
24:43 Watch Tower
24:44 Watch Tower
27:20 Watch Tower
27:20 Watch Tower
27:21 Watch Tower
27:22 Watch Tower
27:22 Watch Tower
28:32 Spirit Lodge
28:53 Scout Tower
28:53 Scout Tower
28:54 Scout Tower
29:19 Spirit Lodge
30:16 Altar of Elders
30:36 Guard Tower
40:36 Altar of Elders
40:39 Moon Well
45:41 Great Hall
47:48 Great Hall
58:35 Great Hall
» items
| Healing Salve | 6 | |
| Mechanical Critter | 2 | |
| Scroll of Town Portal | 3 | |
| Orb of Lightning | 1 | |
| Lesser Clarity Potion | 6 | |
| Potion of Mana | 2 | |
| Potion of Healing | 1 | |
| Tiny Great Hall | 2 | |
23 total

»
girl[y] (
blue | 63 APM | 1470 actions | 23:25)
5 Keeper of the Grove
3 Thorns Aura
1 Force of Nature
1 Entangling Roots
» actions
| Assign group hotkey | 21 | |
| Basic commands | 3 | |
| Build / train | 58 | |
| Enter build submenu | 14 | |
| Enter hero's abilities submenu | 5 | |
| Remove unit from queue | 3 | |
| Right click | 535 | |
| Select / deselect | 299 | |
| Select group hotkey | 475 | |
| Use ability | 57 | |
1470 total
» units
| Wisp | 11 | |
| Huntress | 6 | |
| Dryad | 10 | |
| Mountain Giant | 3 | |
30 total
» upgrades
| Strength of the Moon | 2 | |
| Moon Armor | 3 | |
| Ultravision | 1 | |
| Sentinel | 1 | |
| Abolish Magic | 1 | |
| Strength of the Wild | 1 | |
| Upgrade Moon Glaive | 1 | |
| Hardened Skin | 1 | |
| Resistant Skin | 1 | |
| Reinforced Hides | 1 | |
13 total
» buildings
| Moon Well | 7 | |
| Hunter's Hall | 1 | |
| Ancient of War | 1 | |
| Altar of Elders | 1 | |
| Tree of Ages | 1 | |
| Ancient of Lore | 3 | |
| Ancient of Wonders | 1 | |
| Tree of Eternity | 1 | |
16 total
» build order
00:35 Moon Well
01:11 Hunter's Hall
01:15 Ancient of War
01:27 Altar of Elders
01:50 Moon Well
03:00 Moon Well
03:45 Moon Well
04:42 Tree of Ages
07:31 Ancient of Lore
07:33 Ancient of Lore
08:05 Ancient of Lore
09:20 Ancient of Wonders
09:23 Moon Well
09:35 Moon Well
09:54 Tree of Eternity
16:54 Moon Well
» items
| Scroll of Town Portal | 1 | |
| Dust of Appearance | 2 | |
| Staff of Preservation | 1 | |
4 total

»
PitySex (
orange | 48 APM | 1257 actions | 26:10)
6 Keeper of the Grove
2 Force of Nature
3 Entangling Roots
1 Tranquility
2 Warden
1 Shadow Strike
1 Fan of Knives
1 Mountain King
1 Storm Bolt
» actions
| Basic commands | 2 | |
| Build / train | 93 | |
| Enter build submenu | 22 | |
| Enter hero's abilities submenu | 10 | |
| Give item / drop item | 2 | |
| Right click | 587 | |
| Select / deselect | 423 | |
| Use ability | 118 | |
1257 total
» units
| Wisp | 21 | |
| Huntress | 5 | |
| Archer | 6 | |
| Hippogryph | 15 | |
| Faerie Dragon | 5 | |
| Druid of the Talon | 15 | |
67 total
» upgrades
| Moon Armor | 1 | |
| Reinforced Hides | 3 | |
| Improved Bows | 1 | |
| Hippogryph Taming | 1 | |
| Strength of the Wild | 2 | |
| Druid of the Talon Training | 2 | |
| Mark of the Talon | 1 | |
11 total
» buildings
| Hunter's Hall | 1 | |
| Moon Well | 6 | |
| Altar of Elders | 1 | |
| Ancient of War | 1 | |
| Ancient Protector | 3 | |
| Ancient of Wonders | 1 | |
| Tree of Ages | 1 | |
| Ancient of Wind | 2 | |
| Tree of Eternity | 1 | |
| Tree of Life | 1 | |
18 total
» build order
00:39 Hunter's Hall
00:51 Moon Well
01:09 Altar of Elders
01:41 Ancient of War
02:13 Moon Well
02:32 Ancient Protector
03:10 Ancient Protector
04:03 Ancient of Wonders
05:11 Ancient Protector
05:17 Tree of Ages
06:36 Moon Well
06:37 Moon Well
07:56 Ancient of Wind
08:59 Ancient of Wind
10:09 Moon Well
14:04 Tree of Eternity
16:06 Moon Well
17:43 Tree of Life
» items
Chat log
(00:19 / All) PitySex: green are u gonna troll
(00:42 / All) T0WERSareMyUNlT: No, but I will crush you
(00:45 / Allies) ImTheOnePercent: rm i wanna fuck this chick on my facebook so bad
(00:47 / Allies) Just(: pls?
(00:48 / All) T0WERSareMyUNlT: Wherever I go, I must also rape
(00:55 / All) PitySex: k genghis
(01:00 / Allies) ImTheOnePercent: how can i get her wet and ready to fuck
(01:11 / Allies) Just(: send her a pic of your dick
(01:15 / Allies) 13EASTY-: good morning
(01:16 / Allies) Just(: always works
(01:19 / Allies) ImTheOnePercent: good idea I'll get right on that
(04:05 / All) Ronin: Jesus
(04:09 / All) Ronin: You're bad at this game you fucking moron
(04:31 / All) Ronin: uninstall teal
(04:32 / All) Just(: jesus you rage on this game fucking nerd ;)
(04:46 / All) Ronin: you waste all our time with your terrible play
(04:58 / All) Just(: so cry to me more
(05:07 / All) Ronin: I'll rape you instead
(05:24 / All) ImTheOnePercent: f u purp
(06:16 / Allies) T0WERSareMyUNlT: help
(06:22 / Allies) 13EASTY-: coming
(07:26 / Allies) 13EASTY-: units ?
(08:05 / All) Ronin: lel
(08:08 / All) Ronin: pink and blue
(13:00 / Allies) Just(: wood pls
(13:20 / Allies) Just(: tp
(13:44 / Allies) 13EASTY-: rep tow
(14:18 / Allies) Just(: b
(14:19 / Allies) Just(: b
(17:34 / Allies) Just(: n
(17:38 / All) T0WERSareMyUNlT: are you fucking kidding me
(17:43 / All) T0WERSareMyUNlT: red goes my bot expo every time
(17:48 / All) T0WERSareMyUNlT: then just so happens to find top too
(20:20 / All) T0WERSareMyUNlT: nice shutdowns on my expo every fucking time
(20:22 / All) T0WERSareMyUNlT: maphackers
(20:30 / All) PitySex: LMAO
(20:40 / All) PitySex: this map
(20:46 / All) PitySex: is so predictable
(21:30 / Allies) 13EASTY-: meet
(21:50 / Allies) 13EASTY-: kill expo
(21:52 / Allies) 13EASTY-: is win
(22:10 / Allies) T0WERSareMyUNlT: I was here firstr you fucking faggot
(22:15 / Allies) 13EASTY-: dw
(22:20 / Allies) 13EASTY-: take
(22:21 / Allies) ImTheOnePercent: well you couldn't hold it
(22:22 / Allies) ImTheOnePercent: sorry
(22:36 / Allies) T0WERSareMyUNlT: I pinged mid right you fucking retarded cretin
(23:34 / Allies) 13EASTY-: we need kill expo
(24:04 / All) Just(: gj purp
(24:12 / All) Ronin: You didn't do shit you retard
(24:21 / All) Just(: rage more
(24:25 / All) Ronin: 44-46
(24:31 / Allies) 13EASTY-: gold for lumber ?
(24:35 / All) Just(: lol
(24:40 / Allies) 13EASTY-: kill xois
(24:46 / Allies) 13EASTY-: no expo no gold
(24:54 / Allies) 13EASTY-: b
(25:56 / All) Just(: leave
(25:57 / All) Just(: !
(26:21 / All) Just(: leabe purple
(26:25 / All) Ronin: make me
(26:27 / Allies) 13EASTY-: gold
(26:35 / All) Just(: uninstall on way out?
(26:44 / All) T0WERSareMyUNlT: brb have to piss 1 minute
(26:44 / All) Ronin: you're a dick rider
(26:49 / All) Just(: hahaha
(26:54 / All) Ronin: human won game not you
(26:58 / All) Ronin: your raiders didn't do shit
(27:00 / All) Just(: you started raging
(27:03 / All) Just(: for no reason
(27:13 / All) Ronin: level 1 harass clear sign of a nub
(27:23 / All) Just(: love playing cry babies like you
(27:29 / All) Ronin: well see
(27:47 / All) Just(: we will se what?
(27:48 / All) Just(: lmfao...
(27:56 / All) T0WERSareMyUNlT: back
(28:06 / All) Just(: tower base vs tanks?
(31:30 / All) Just(: nothing better to do?
(31:38 / All) T0WERSareMyUNlT: you should have listened
(31:39 / Allies) ImTheOnePercent: apparently not lol
(33:09 / All) T0WERSareMyUNlT: easy stab
(33:12 / All) T0WERSareMyUNlT: My team is no resistance
(33:14 / All) T0WERSareMyUNlT: thought they'd be harder
(33:18 / All) Ronin: lawl
(33:21 / All) Ronin: teal is an idjut
(33:24 / All) ImTheOnePercent: lol 4.7k gold on green's end
(33:31 / All) Ronin: if I helped my team kill you they woudln't have steamrolled us later
(33:48 / All) T0WERSareMyUNlT: They kept gettign my expos which was annoying
(33:58 / Allies) 13EASTY-: gold
(34:10 / Allies) T0WERSareMyUNlT: it's in the mines
(34:12 / Allies) T0WERSareMyUNlT: and it's not for you
(34:13 / Allies) 13EASTY-: lol
(34:16 / Allies) Just(: can u just end
(34:18 / Allies) Just(: wtf...
(34:20 / Allies) 13EASTY-: trying tr get some
(34:35 / Allies) T0WERSareMyUNlT: thanks for shared control
(34:36 / Allies) T0WERSareMyUNlT: lol
(34:43 / Allies) 13EASTY-: lol
(34:49 / Allies) 13EASTY-: omg
(34:57 / Allies) 13EASTY-: how funny
(35:29 / Allies) Just(: can u fucking end already
(35:34 / Allies) Just(: why are u wasting time
(35:38 / All) T0WERSareMyUNlT: teal
(35:40 / All) T0WERSareMyUNlT: the games ends
(35:41 / All) T0WERSareMyUNlT: when you
(35:42 / All) T0WERSareMyUNlT: pink
(35:43 / All) T0WERSareMyUNlT: and yellow
(35:46 / All) T0WERSareMyUNlT: leave the game
(35:47 / All) T0WERSareMyUNlT: ok?
(35:51 / All) T0WERSareMyUNlT: I will give you three a chance to end it now
(35:51 / Allies) ImTheOnePercent: lol teal give me gold plz
(35:54 / Allies) ImTheOnePercent: i'll kill green
(35:56 / All) T0WERSareMyUNlT: I will pause the game so you can leave, ok?
(35:58 / All) T0WERSareMyUNlT: GET
(35:58 / All) T0WERSareMyUNlT: THE
(35:59 / All) T0WERSareMyUNlT: FUCK
(36:00 / All) T0WERSareMyUNlT: OUT
(36:07 / Allies) T0WERSareMyUNlT: Try to kill me, dicklick
(36:13 / Allies) T0WERSareMyUNlT: can't if you wanted to, sissy boy
(36:19 / Allies) T0WERSareMyUNlT: Try me little shitstain
(36:39 / Allies) T0WERSareMyUNlT: try me faggot
(36:39 / Allies) Just(: group up
(36:40 / Allies) Just(: pink
(36:52 / Allies) Just(: yellow come
(37:19 / Allies) 13EASTY-: expo
(37:37 / Allies) T0WERSareMyUNlT: nice try fagboy
(37:57 / Allies) ImTheOnePercent: teal
(38:00 / Allies) ImTheOnePercent: let's go kill green?
(38:03 / Allies) T0WERSareMyUNlT: try it
(38:07 / Allies) T0WERSareMyUNlT: you can't
(38:10 / Allies) T0WERSareMyUNlT: you will lose your entire army
(38:14 / Allies) Just(: yellow come
(39:28 / Allies) 13EASTY-: no fuck was giving
(39:31 / Allies) T0WERSareMyUNlT: nice try shitstain
(39:34 / Allies) T0WERSareMyUNlT: utter garbage
(39:37 / Allies) T0WERSareMyUNlT: Like I fucking told you rejects
(39:41 / Allies) T0WERSareMyUNlT: you attack me
(39:43 / Allies) T0WERSareMyUNlT: you lose EVERYTHING
(39:46 / Allies) 13EASTY-: pleas green
(39:49 / Allies) 13EASTY-: stop the big talk
(39:56 / Allies) 13EASTY-: we gave u an expo
(40:02 / Allies) 13EASTY-: now u start talking big
(40:15 / Allies) T0WERSareMyUNlT: you gave me nothing but your whole army just now
(40:33 / Allies) 13EASTY-: cous you crying about an expo
(40:37 / Allies) 13EASTY-: the entire game
(40:43 / Allies) T0WERSareMyUNlT: lol
(41:05 / Allies) 13EASTY-: thnx though
(41:14 / Allies) 13EASTY-: i was loughing so hard at ya i pissed my pants
(41:17 / All) ImTheOnePercent: bash ftw
(42:12 / Allies) 13EASTY-: green
(42:28 / Allies) 13EASTY-: i just dont understand why a 12 year old would even start playing a game
(42:33 / Allies) 13EASTY-: wich is like 8 years old
(42:43 / Allies) Just(: ...
(42:49 / Allies) T0WERSareMyUNlT: good blademaster control
(42:52 / Allies) T0WERSareMyUNlT: fuckwit
(43:10 / Allies) T0WERSareMyUNlT: fucking subhumans
(43:11 / Allies) Just(: guess you can play alone for a while
(43:26 / All) 13EASTY-: lol green starts all his big talk
(43:38 / All) 13EASTY-: make some bats
(43:42 / All) 13EASTY-: he's going air
(43:55 / Allies) Just(: lol purple has no expo
(44:00 / All) T0WERSareMyUNlT: bats don't work on allies
(44:01 / All) T0WERSareMyUNlT: fucking retard
(44:07 / All) ImTheOnePercent: no but cloud does
(44:08 / All) ImTheOnePercent: lol
(44:14 / All) T0WERSareMyUNlT: yes
(44:15 / All) T0WERSareMyUNlT: it does
(44:17 / Allies) Just(: he is probably greens jerk off buddy anyways
(44:17 / Allies) 13EASTY-: ofc i was talking to the orc haha
(44:36 / All) 13EASTY-: i prefer losing then that green would win
(44:42 / All) T0WERSareMyUNlT: I'm 0-1
(44:43 / All) ImTheOnePercent: me too
(44:45 / All) T0WERSareMyUNlT: 0-0
(44:46 / All) Ronin: We're friends dummy
(44:47 / All) Ronin: LOL
(44:47 / All) T0WERSareMyUNlT: 0-1 after this
(44:49 / All) T0WERSareMyUNlT: I don't fucking care
(44:50 / All) ImTheOnePercent: But i think we missed chance to give other team victory
(44:52 / All) T0WERSareMyUNlT: kill yourselves
(45:00 / All) 13EASTY-: he has friends ?
(45:03 / All) Ronin: yep
(45:06 / All) 13EASTY-: you must be like ass buddies
(45:17 / All) Ronin: having fantasies?
(45:22 / Allies) Just(: like i sid
(45:22 / All) 13EASTY-: for sure
(45:29 / All) 13EASTY-: having problems with that ?
(45:40 / All) T0WERSareMyUNlT: you seem like you know a lot about homosexual relationships want to tell us anything?
(45:52 / All) 13EASTY-: pleas teach ur green
(46:02 / All) 13EASTY-: since you finally have the mouth to talk
(46:05 / All) ImTheOnePercent: alright well i'm going afk
(46:09 / All) ImTheOnePercent: enjoy your "win"
(46:11 / All) Ronin: What happened with teal
(46:17 / All) Ronin: Teal silent?
(46:24 / All) ImTheOnePercent: we're all out of gold but green
(46:28 / All) Just(: lol you consider this a win?
(46:31 / All) ImTheOnePercent: used mass teleport to stun heroes and kill them
(46:32 / All) Ronin: YEah
(46:33 / All) Ronin: I do
(46:36 / All) Just(: lmfao
(46:38 / All) Just(: good
(46:43 / All) 13EASTY-: \
(46:43 / All) Just(: glad you had fun
(46:45 / All) Just(: nerd
(47:05 / All) Ronin: I'll be 1-0 and you'll be 3 losses in the hole
(47:15 / All) 13EASTY-: so?
(47:18 / All) Just(: that means something to you
(47:20 / All) Just(: lmfao?
(47:21 / All) Ronin: I'm undefeated
(47:23 / All) 13EASTY-: should we care about win ore losses
(47:24 / All) Ronin: Teal has lost many times
(47:27 / All) Just(: you play this game for stats?
(47:27 / All) T0WERSareMyUNlT: if you didn't care
(47:30 / All) T0WERSareMyUNlT: you'd have already left
(47:39 / All) ImTheOnePercent: no i just want to see you lose
(47:40 / All) T0WERSareMyUNlT: you care a lot about this game and this match
(47:40 / Allies) ImTheOnePercent: for being a cunt
(47:41 / All) 13EASTY-: im still hoping we lose
(47:45 / All) T0WERSareMyUNlT: that's the point you fucking dolt
(47:51 / All) T0WERSareMyUNlT: you retards get the loss
(47:54 / All) Just(: its hilarious this kid plays a 10 year old game for stats
(47:55 / All) T0WERSareMyUNlT: purple and I are 0-0 we don't care
(47:58 / All) T0WERSareMyUNlT: shit for brains
(48:08 / All) 13EASTY-: you care green
(48:15 / All) 13EASTY-: stop the crying again pleas
(48:18 / All) Ronin: If you can't even get 50% RT you might as well uninstall
(48:38 / All) 13EASTY-: would be the first time
(48:42 / All) 13EASTY-: i would lissen to a kid
(48:50 / All) T0WERSareMyUNlT: how old are you?
(49:13 / All) 13EASTY-: your to young to know
(49:16 / All) 13EASTY-: grow up
(49:22 / All) ImTheOnePercent: lol green is killing his buildings now
(49:23 / All) 13EASTY-: like i would tell some internet fagg
(49:34 / All) T0WERSareMyUNlT: These retards don't even understand that we want them to lose
(49:36 / All) 13EASTY-: cant troll me you fool
(49:36 / All) Ronin: you don't say
(49:36 / All) T0WERSareMyUNlT: they're too stupid
(50:10 / All) T0WERSareMyUNlT: teal, yellow, pink
(50:14 / All) T0WERSareMyUNlT: are you really high right now?
(50:15 / All) 13EASTY-: dont care
(50:20 / All) T0WERSareMyUNlT: do you abuse drugs, or are your brains just naturally mush?
(50:21 / All) 13EASTY-: will take some off your time
(50:47 / All) 13EASTY-: u wanted us to leave
(50:52 / All) T0WERSareMyUNlT: kill yourself
(50:53 / All) 13EASTY-: so you could let purple win
(51:02 / All) ImTheOnePercent: well seems purp will win no matter what now
(51:08 / All) ImTheOnePercent: if green kills his own army and leaves
(51:09 / All) T0WERSareMyUNlT: I wish you'd quit RL too, the world would be better off without people as dumb as you three, sub-80 IQ and subhuman
(51:28 / All) 13EASTY-: this just proves your the retard
(51:34 / All) T0WERSareMyUNlT: "your the retard" hahahaha
(51:34 / All) 13EASTY-: like you know me haha what a fool
(51:44 / All) T0WERSareMyUNlT: yeah I bet you're really laughing right now aren't you?
(51:52 / All) 13EASTY-: for sure
(52:04 / All) 13EASTY-: cous you think you can piss me off
(52:06 / All) T0WERSareMyUNlT: you're swelling with rage
(52:11 / All) T0WERSareMyUNlT: I don't think that, I know it
(52:18 / All) 13EASTY-: haha thats where u are wrong
(52:21 / All) Ronin: dead peon
(52:23 / All) Ronin: your last
(52:24 / All) 13EASTY-: cous im loughing at ya
(52:26 / All) Ronin: you died like a bitch
(52:35 / All) 13EASTY-: i wont let a kid troll me
(52:38 / All) T0WERSareMyUNlT: too late
(52:39 / All) ImTheOnePercent: heh i should have killed green earlier
(52:45 / All) ImTheOnePercent: didn't know cloud would work though on allies
(52:45 / All) T0WERSareMyUNlT: you couldn't have if you tried
(52:51 / All) Ronin: can't go crying about spilled milk now
(52:55 / All) Ronin: shoulda woulda coulda
(52:56 / All) Ronin: ya didn't
(53:01 / All) 13EASTY-: all we did was playing gren
(53:04 / All) ImTheOnePercent: well no dumbfuck
(53:08 / All) 13EASTY-: and all you did was crying for expos
(53:09 / All) ImTheOnePercent: that's why I said I could have
(53:22 / All) T0WERSareMyUNlT: no, you couldn't have
(53:23 / All) 13EASTY-: without the expos you where nothing
(53:26 / All) T0WERSareMyUNlT: you're a pile of trash
(53:38 / All) 13EASTY-: you almost even lost your base to begin with
(53:41 / All) T0WERSareMyUNlT: No.
(53:47 / All) 13EASTY-: yes you did haha!
(53:59 / All) 13EASTY-: how many townhalls did you lose ?
(54:03 / All) 13EASTY-: haha
(54:09 / All) T0WERSareMyUNlT: I don't think I lost a single finished one all game actually
(54:09 / All) 13EASTY-: you know what i think
(54:13 / All) T0WERSareMyUNlT: I don't acre
(54:14 / All) 13EASTY-: purple is was better then you
(54:21 / All) 13EASTY-: and you just trying to kiss his ass
(54:22 / Allies) ImTheOnePercent: yeah cause we were busy trying to win
(54:25 / All) T0WERSareMyUNlT: lol
(54:30 / All) ImTheOnePercent: not looking to get backstabbed by a troll
(54:32 / All) 13EASTY-: your like his slafe
(54:34 / All) Ronin: reverse psychology, they alwasys try that
(54:45 / All) T0WERSareMyUNlT: doubt they know what it is
(54:50 / All) 13EASTY-: it is how i see it
(54:52 / All) T0WERSareMyUNlT: probably all they know about psychology they learned from CSI
(54:59 / All) Ronin: They might not know the name but they def try it
(55:00 / All) 13EASTY-: no need for reverse purple
(55:03 / All) Ronin: they think they're sly
(55:03 / All) 13EASTY-: we lose so
(55:24 / All) 13EASTY-: you controll your pupit well purple
(55:29 / All) Ronin: NE is inferior to human
(55:32 / All) 13EASTY-: respect
(55:32 / All) Ronin: in 4v4
(55:35 / All) Ronin: that's just the truth
(55:39 / All) Ronin: solo it's different
(55:51 / All) Ronin: Thank you
(55:54 / All) 13EASTY-: green didnt know that
(55:57 / All) 13EASTY-: for sure
(56:00 / All) T0WERSareMyUNlT: If your team had at least 2 players that stayed this could have been a great standoff
(56:12 / All) T0WERSareMyUNlT: My team is a bunch of clowns they probably don't even know how to exit a match
(56:14 / All) 13EASTY-: stop talking green
(56:17 / All) ImTheOnePercent: heh green doesn't seem to want to end the game either way
(56:20 / All) 13EASTY-: your almost lost at the beginning
(56:22 / All) T0WERSareMyUNlT: they have to wait for the Defeat or Victory screen every match
(56:24 / All) 13EASTY-: we saved you for sure
(56:29 / All) Ronin: These props mean a lot to me, and they go a long way in stifling the jerkitude of the scoundrel teal
(56:49 / All) ImTheOnePercent: anyway purp last building is a tower
(56:53 / All) ImTheOnePercent: in the lower right corner
(57:02 / All) T0WERSareMyUNlT: oh wow I doubt he could have guessed that
(57:03 / All) ImTheOnePercent: kill it if you want, or stay around and wank a bunch
(57:09 / All) ImTheOnePercent: afk
(57:19 / All) 13EASTY-: so you think you trolling with teal ?
(57:27 / All) 13EASTY-: he went afk like a boss
(57:30 / All) 13EASTY-: didnt give a fuck
(57:42 / All) T0WERSareMyUNlT: yeah sure I can imagine
(57:44 / All) 13EASTY-: i call that a fail
(57:49 / All) T0WERSareMyUNlT: oh yeah?
(58:07 / All) 13EASTY-: win/loss like who cares
(58:13 / All) 13EASTY-: the game is 8 years old
(58:19 / All) T0WERSareMyUNlT: you or you'd leave
(58:37 / All) 13EASTY-: lol
(58:44 / All) 13EASTY-: im lvl 1 ore something
(58:49 / All) 13EASTY-: like i care
(59:06 / All) 13EASTY-: cant run away from clowns
(59:25 / All) T0WERSareMyUNlT: "clowns" that sounds familiar, can you even come up with your own insults or are you just that mindless?
(59:44 / All) Ronin: blue has 18k lumber
(59:51 / All) T0WERSareMyUNlT: holy shit
(59:53 / All) 13EASTY-: you would like to know
(59:57 / All) T0WERSareMyUNlT: oh?
(60:03 / All) Just(: LMFAO THIS GAME IS STILL ON???????
(60:10 / All) Just(: HAHAHA
(60:12 / All) 13EASTY-: you still talking green
(60:18 / All) T0WERSareMyUNlT: you think so?
(60:18 / All) 13EASTY-: just remember your the pupit
(60:19 / All) Ronin: This game should never end
(60:31 / All) 13EASTY-: purples slave
(60:36 / All) Just(: lol ok i can leave this on all night
(60:38 / All) Ronin: pupit lawl
(60:41 / All) Just(: i just jerked off came back
(60:45 / All) Just(: cant believe its still on
(60:46 / All) Just(: actually
(60:47 / All) Ronin: Well I lied about that
(60:51 / All) Ronin: It's gonna end soon
(61:00 / All) Ronin: When you guys stop dispensing the funnies
(61:09 / All) Just(: lmfao i cant believe you have nothing better to do then this
(61:10 / All) 13EASTY-: i got time
(61:12 / All) T0WERSareMyUNlT: They think they're in control and winning right now
(61:15 / All) Just(: on a 10 yo game
(61:16 / All) 13EASTY-: for green to grow up
(61:17 / All) Ronin: Speak for yourself
(61:24 / All) 13EASTY-: give him a lesson here and there
(61:26 / All) Just(: ?
(61:34 / All) Ronin: You're just observing
(61:38 / All) Ronin: You died a long time ago
(61:41 / All) Ronin: Like a bitch
(61:43 / All) Just(: ive been afk like 20 min jerking in
(61:45 / All) Just(: it
(61:47 / All) Just(: and i come back
(61:51 / All) Just(: and youre still playing?
(61:53 / All) Just(: lmfao
(62:01 / All) Ronin: Pornography is bad for the soul
(62:05 / All) Ronin: This is great for the soul
(62:08 / All) T0WERSareMyUNlT: ^^^^
(62:09 / All) Ronin: There is a difference
(62:14 / All) Just(: hahaha
(62:34 / All) Just(: guess ill let you two sit here with eachothers dicks in your hand
(62:38 / All) Just(: have fun
(62:39 / All) T0WERSareMyUNlT: Teal is 44-46, that sort of record you know they try as hard as they can, they're just not very good to get anywhere
(62:40 / All) Just(: bye
(62:50 / All) Ronin: Indeed
(62:51 / All) Just(: lol
(62:52 / All) Just(: ok
(62:57 / All) T0WERSareMyUNlT: Yellow is 2-2, probably goes through accounts constantly trying to get a high record
(63:00 / All) T0WERSareMyUNlT: but he'll never get there
(63:04 / All) Just(: hope you guys feel super cool
(63:07 / All) Just(: on the internet
(63:09 / All) 13EASTY-: wrong
(63:09 / All) Just(: trolling
(63:14 / All) 13EASTY-: i just reinstalled
(63:17 / All) Just(: you must be the first ones
(63:22 / All) Just(: to ever troll wc3
(63:22 / All) 13EASTY-: like i would play for 8 years
(63:22 / All) Ronin: this isn't trolling, this is art
(63:24 / All) Just(: gj
(63:28 / All) Just(: lmfao
(63:31 / All) Just(: art?
(63:31 / All) T0WERSareMyUNlT: Pink is 9-16, probably the same as yellow and going to throw that account anytime to try to get a new high score
(63:35 / All) Ronin: Yes
(63:46 / All) 13EASTY-: also wrong
(63:47 / All) Just(: i hope you are joking
(63:53 / All) Ronin: I consider myself the Rembrandt of Warcraft 3
(63:56 / All) T0WERSareMyUNlT: This is objectively better than 99% of what you see in a modern art class
(63:58 / All) 13EASTY-: i only play chf once in a while
(64:04 / All) Just(: you live a sad life then
(64:09 / All) Just(: this is what you live for
(64:09 / All) Just(: ?
(64:20 / All) Ronin: Only because my art is underappreciated because the world is full of philistines like yourself
(64:27 / All) 13EASTY-: o pleas
(64:31 / All) 13EASTY-: purple grow up
(64:32 / All) Just(: so you live to troll on wc3?
(64:34 / All) T0WERSareMyUNlT: If life didn't have stuff like this, it wouldn't be worth living
(64:38 / All) 13EASTY-: and a girlfriend
(64:40 / All) Just(: thats why you are alive
(64:42 / All) Just(: ?
(64:44 / All) 13EASTY-: cous that shit is crazy nerd talk
(64:44 / All) Ronin: There's nothing wrong with a life of warcraft 3 art
(64:50 / All) Ronin: The great artist of Warcraft 3
(64:54 / All) Just(: thats kind of sad
(64:58 / All) 13EASTY-: your mom would slap you for that nerd talk
(64:59 / All) T0WERSareMyUNlT: This is a perfection of the schadenfreude art form
(65:10 / All) T0WERSareMyUNlT: wouldn't you agree, purple?
(65:15 / All) Ronin: youtube.com/lordfarsanky for my fine creations
(65:21 / All) Ronin: Yes indeed
(65:38 / All) 13EASTY-: does youtube discribe your age ?
(65:45 / All) 13EASTY-: -12 ?
(65:46 / All) T0WERSareMyUNlT: youtube.com/ComradeEnemyLucullus for my meager amount of WC3 videos no one will ever watch because this game is past its prime
(65:52 / All) T0WERSareMyUNlT: ime
(66:15 / All) 13EASTY-: dude
(66:17 / All) Ronin: There are senior citizens that browse youtube
(66:23 / All) 13EASTY-: no one checks youtube for wc3
(66:29 / All) 13EASTY-: like they give shit
(66:30 / All) Ronin: That's not true
(66:33 / All) 13EASTY-: the game is over
(66:36 / All) Ronin: I have received a handful of comments myself
(66:37 / All) 13EASTY-: grow up
(66:46 / All) 13EASTY-: plased by green
(66:47 / All) T0WERSareMyUNlT: no idea how wtti gets tons of views and we get none
(66:53 / All) 13EASTY-: cous he couldnt life without you
(67:01 / All) Ronin: Philistines like yellow and teal
(67:02 / All) T0WERSareMyUNlT: guess he appeals more to players like yellow
(67:04 / All) 13EASTY-: i call it sick
(67:17 / All) 13EASTY-: philistines ?
(67:25 / All) Ronin: Your opinion is duly noted
(67:34 / All) Ronin: I have filed in the appropriate place
(67:35 / All) Ronin: The trashcan
(67:37 / All) Ronin: BAZINGA
(67:46 / All) 13EASTY-: how funny
(67:50 / All) Ronin: thanks :)
(67:53 / All) 13EASTY-: really
(67:55 / All) T0WERSareMyUNlT: They probably think philistine is a misspelling of philipines
(67:57 / All) 13EASTY-: i swear
(67:59 / All) 13EASTY-: the funniest
(68:02 / All) 13EASTY-: i ever seen
(68:05 / All) Ronin: thanks
(68:06 / All) 13EASTY-: for the record
(68:07 / All) Ronin: I have more
(68:18 / All) T0WERSareMyUNlT: you should check out our youtube channels if you like this so much
(68:20 / All) 13EASTY-: im eu
(68:20 / All) Ronin: I moonlight at the chuckle hut every tuesday
(68:25 / All) T0WERSareMyUNlT: you can see lots of players on your level get owned just like this
(68:35 / All) 13EASTY-: i play east
(68:37 / All) T0WERSareMyUNlT: where in europe are you from?
(68:41 / All) 13EASTY-: becous i play custom hero footies
(68:58 / All) 13EASTY-: im next to you
(69:04 / All) 13EASTY-: on your left
(69:16 / All) Ronin: look
(69:20 / All) Ronin: why it goes to that hall
(69:32 / All) 13EASTY-: im thinking your german
(69:41 / All) T0WERSareMyUNlT: ja, how come?
(69:44 / All) 13EASTY-: cous they gay so much
(69:53 / All) 13EASTY-: sick minds
(70:15 / All) Ronin: Stop bringing teal's mother and sister into this
(70:15 / All) T0WERSareMyUNlT: that's quote worthy
(70:30 / All) 13EASTY-: abusing there kids in basements
(70:39 / All) 13EASTY-: how long was it that you got out anyway ?
(70:51 / All) T0WERSareMyUNlT: you said you are to my left
(70:57 / All) T0WERSareMyUNlT: are you dutch
(71:00 / All) T0WERSareMyUNlT: or maybe belgian
(71:08 / All) 13EASTY-: richting
(71:24 / All) T0WERSareMyUNlT: oh yeah I guessed right earlier
(71:32 / All) T0WERSareMyUNlT: you're dutch, probably you did turn your brain to mush with tons of drugs
(71:46 / All) 13EASTY-: yes
(71:49 / All) 13EASTY-: you know why
(72:02 / All) T0WERSareMyUNlT: why
(72:17 / All) T0WERSareMyUNlT: hope you have a zinger you're about to answer me with
(72:24 / All) 13EASTY-: i shouldnt tell kids
(72:42 / All) T0WERSareMyUNlT: it's ok, my mum isn't looking
(72:44 / All) T0WERSareMyUNlT: you can tell me
(72:47 / All) 13EASTY-: when you grow up
(72:51 / All) 13EASTY-: and you got your lisence
(72:59 / All) 13EASTY-: you could visit the netherlands
(73:02 / All) 13EASTY-: and learn why
(73:15 / All) 13EASTY-: when you got your lisence your will figure
(73:28 / All) 13EASTY-: you will *
(73:49 / All) 13EASTY-: schadeeee
(74:27 / All) 13EASTY-: some tips
(74:34 / All) T0WERSareMyUNlT: i would love to hear them
(74:58 / All) 13EASTY-: just end
(75:04 / All) 13EASTY-: cry some
(75:13 / All) 13EASTY-: become a man
(75:18 / All) T0WERSareMyUNlT: I'm thinking of ending it soon, as funny as you are I'm growing tired of you
(75:20 / All) 13EASTY-: put your penis in a girl
(75:31 / All) Ronin: teal is the only kid I think
(75:32 / All) 13EASTY-: will help you
(75:35 / All) Ronin: he's tumblrcore "justsmile"
(76:01 / All) T0WERSareMyUNlT: do you pay to do that often?
(76:11 / All) 13EASTY-: yes
(76:13 / All) 13EASTY-: you know why
(76:18 / All) 13EASTY-: lol
(76:20 / All) T0WERSareMyUNlT: why
(76:21 / All) 13EASTY-: ofc you dont
(76:23 / All) T0WERSareMyUNlT: cuz you can't get them for free?
(76:38 / All) 13EASTY-: i ceep forgetting im talking to an 12 year old
(76:54 / All) Ronin: tehn stop talking to yourself
(76:56 / All) T0WERSareMyUNlT: This is 13EASTY-, age unknown, a man protected by a suit of armour all held together by one bolt.
(76:57 / All) Ronin: it's weird
(77:05 / All) T0WERSareMyUNlT: Just a moment ago, someone removed the bolt, and his protection fell away from him and left him a naked target
(77:13 / All) T0WERSareMyUNlT: He's been cannonaded this afternoon by all the enemies of his life
(77:20 / All) 13EASTY-: u call that wierd purple?
(77:26 / All) 13EASTY-: your fucking purple
(77:27 / All) Ronin: A little
(77:30 / All) 13EASTY-: thats wierd
(77:37 / All) 13EASTY-: its like the national gay color
(77:37 / All) Ronin: You're yellow
(77:41 / All) Ronin: A weird traitor
(77:45 / All) 13EASTY-: i would like if i was purple
(77:47 / All) T0WERSareMyUNlT: His insecurity has shelled him, his sensitivity has straddled him with humiliation, his deep-rooted
(77:56 / All) 13EASTY-: buth you seem to accepted
(78:00 / All) T0WERSareMyUNlT: disquiet about his own worth has zeroed in on him, landed on target
(78:02 / All) T0WERSareMyUNlT: and blown him apart
(78:06 / All) 13EASTY-: leading green
(78:08 / All) Ronin: we're here we're queer get used ot it!
(78:10 / All) Ronin: WE'RE HERE
(78:12 / All) Ronin: WE'RE QUEER
(78:14 / All) Ronin: GET USED TO IT
(78:14 / All) T0WERSareMyUNlT: 13EASTY-
(78:16 / All) Ronin: WE'RE HERE
(78:16 / All) T0WERSareMyUNlT: age unknown
(78:18 / All) Ronin: WE'RE QUEER
(78:20 / All) Ronin: GET USED TO IT
(78:24 / All) T0WERSareMyUNlT: who in just a moment will leave The Twilight Zone
(78:53 / All) 13EASTY-: really
(78:55 / All) 13EASTY-: im hurt
(78:59 / All) T0WERSareMyUNlT: I, Rod, the great curator of the Twilight Zone, am about to end this match
(79:06 / All) T0WERSareMyUNlT: What are your final words for this historic moment, yellow?
(79:09 / All) Ronin: wait
(79:17 / All) 13EASTY-: no pleas
(79:19 / All) 13EASTY-: kill purple
(79:25 / All) 13EASTY-: we need to win
(79:28 / All) 13EASTY-: hows that ?
(80:23 / All) 13EASTY-: you know what just came in
(80:27 / All) 13EASTY-: when u almost lost your base
(80:31 / All) 13EASTY-: i pooled you hahahahahaha
(80:38 / All) 13EASTY-: how funny was that
(80:44 / All) T0WERSareMyUNlT: They say all the Dutch speak good English but I'm not so sure
(81:03 / All) 13EASTY-: i would invest some more time yes
(81:07 / All) 13EASTY-: just sadly
(81:13 / All) 13EASTY-: this game isnt worth it
(81:13 / All) Ronin: All the gold in this map is about to be drained
(81:30 / All) 13EASTY-: you play this game for 8 years?
(81:35 / All) T0WERSareMyUNlT: Pink, teal, either of you here?
(81:42 / All) 13EASTY-: you where like 4 years old man
(82:26 / All) 13EASTY-: got owned by purple
(82:30 / All) 13EASTY-: sick
(82:35 / All) T0WERSareMyUNlT: Any final words for us?
(82:46 / All) 13EASTY-: purple owns and you suck
(83:06 / All) T0WERSareMyUNlT: If that's your last words
(83:08 / All) T0WERSareMyUNlT: Then so be it
(83:12 / All) T0WERSareMyUNlT: OUT WITH YOU!